 Dungeon Crawl Stone Soup version 0.31.0-12-g77e489cdc1 (webtiles) character file.

Game seed: 7733851593625594440

16339 Doomgape the Grappler (level 12, -7/122 HPs)
             Began as a Troll Monk on Feb 25, 2024.
             Was a High Priest of Okawaru.
             Mangled by a ten-headed hydra (10 damage)
             ... on level 3 of the Lair of Beasts.
             The game lasted 00:33:15 (8402 turns).

Doomgape the Grappler (Troll Monk)                  Turns: 8402, Time: 00:33:15

Health: -7/122     AC: 10    Str: 26    XL:     12   Next: 9%
Magic:  18/18      EV: 10    Int:  6    God:    Okawaru [*****.]
Gold:   924        SH:  8    Dex: 18    Spells: 11/11 levels left

rFire   . .          .
                       - Unarmed
rCold   + . .        x - +0 kite shield
rNeg    . . .        w - +2 robe {rC+}
rPois   .            (helmet restricted)
rElec   .            (no cloak)
rCorr   .            (gloves unavailable)
SInv    .            (boots unavailable)
Will    .....        A - amulet of regeneration
Stlth   ++           d - +6 ring of dexterity
HPRegen 2.00/turn    z - +4 ring of protection
MPRegen 0.16/turn

%: no passive effects
@: no status effects
A: large, unfitting armour, claws 3, regeneration 1, shaggy fur 1, tough skin 1
a: Renounce Religion, Heroism, Finesse, Duel


You were on level 3 of the Lair of Beasts.
You worshipped Okawaru.
Okawaru was extremely pleased with you.
You visited 3 branches of the dungeon, and saw 12 of its levels.
You also visited: Sewer and Volcano.

You collected 924 gold pieces.

Inventory:

Hand Weapons
 D - a +2 great mace of flaming
 E - a +0 giant club of flaming
Missiles
 a - a silver javelin (quivered)
Armour
 w - a +2 robe of cold resistance (worn)
 x - a +0 kite shield (worn)
 y - a +2 robe of fire resistance
Jewellery
 d - a +6 ring of dexterity (left claw)
 i - a ring of resist corrosion
 v - an amulet of guardian spirit
 z - a +4 ring of protection (right claw)
 A - an amulet of regeneration (around neck)
Wands
 j - a wand of mindburst (10)
 B - a wand of iceblast (7)
Scrolls
 f - 3 scrolls of noise
 g - 2 scrolls of identify
 o - a scroll of blinking
 q - 5 scrolls of teleportation
 r - a scroll of summoning
 t - 2 scrolls of torment
Potions
 b - a potion of ambrosia
 c - 2 potions of mutation {unknown}
 e - 2 potions of lignification
 h - a potion of enlightenment {unknown}
 k - 2 potions of haste
 l - 3 potions of curing
 m - 2 potions of might
 n - a potion of invisibility
 p - a potion of magic {unknown}
 s - a potion of attraction {unknown}
 u - a potion of cancellation {unknown}


   Skills:
 - Level 8.9 Fighting
 + Level 5.0 Armour
 - Level 3.0 Dodging
 + Level 12.1 Unarmed Combat
 + Level 10.0 Invocations


You had 11 spell levels left.
You didn't know any spells.
Your spell library contained the following spells:

 Spells                   Type           Power      Damage    Failure   Level
 Shock                    Conj/Air       0%         1d3       75%         1
 Fugue of the Fallen      Necr           0%         N/A       98%         3
 Inner Flame              Hex/Fire       0%         N/A       98%         3
 Ozocubu's Armour         Ice            0%         N/A       98%         3
 Manifold Assault         Tloc           0%         N/A       100%        4
 Petrify                  Alch/Erth      0%         N/A       100%        4
 Vhi's Electric Charge    Tloc/Air       0%         N/A       100%        4
 Alistair's Intoxication  Alch           0%         N/A       100%        5
 Arcjolt                  Conj/Air       0%         1d10      100%        5
 Irradiate                Conj/Alch      0%         3d11      100%        5
 Ignition                 Fire           0%         3d3       100%        8
 Maxwell's Capacitive Co  Air            0%         ∞         100%        8


Dungeon Overview and Level Annotations

Branches:
Dungeon (8/15)             Temple (1/1) D:6            Lair (3/5) D:8
  Sewer (visited)         Volcano (visited)
  Swamp: Lair:2-3    Shoals: Lair:2-3     Snake: Lair:2-3    Spider: Lair:2-3

Altars:
Ashenzari
Cheibriados
Dithmenos
Elyvilon
Fedhas
Gozag
Kikubaaqudgha
Makhleb
Okawaru
Qazlal
Ru
Sif Muna
Trog
Uskayaw
Vehumet
Xom
Yredelemnul
Zin
The Shining One

Annotations:
D:7 1 runed translucent door, riffraff's ghost, novice AtFi
D:8 6 transporters


Innate Abilities, Weirdness & Mutations

You are too large for most types of armour.
You have claws for hands.
Your natural rate of healing is unusually fast.
You are covered in fur. (AC +1)
You have tough skin. (AC +1)


Message History

You block the seven-headed hydra's attack.
The seven-headed hydra bites you.
You claw one of the seven-headed hydra's heads off!
The six-headed hydra grows two more!
You claw the eight-headed hydra!
The eight-headed hydra is severely wounded.
The eight-headed hydra bites you. x2; The eight-headed hydra bites you!
You block the eight-headed hydra's attack. x2
The eight-headed hydra bites you.
The eight-headed hydra bites you but does no damage.
The eight-headed hydra bites you!
* * * LOW HITPOINT WARNING * * *
You claw one of the eight-headed hydra's heads off!
The seven-headed hydra grows two more!
You claw the nine-headed hydra!
The nine-headed hydra is severely wounded.
A water moccasin comes into view.
The nine-headed hydra bites you!
* * * LOW HITPOINT WARNING * * *
The nine-headed hydra bites you but does no damage.
You block the nine-headed hydra's attack. x2
The nine-headed hydra bites you.
* * * LOW HITPOINT WARNING * * *
The nine-headed hydra bites you but does no damage. x3
You block the nine-headed hydra's attack.
The water moccasin hisses angrily.
You rip one of the nine-headed hydra's heads off!
The eight-headed hydra grows two more!
You claw the ten-headed hydra!
The ten-headed hydra is heavily wounded.
The ten-headed hydra bites you!
* * * LOW HITPOINT WARNING * * *
You block the ten-headed hydra's attack.
The ten-headed hydra barely misses you. The ten-headed hydra bites you.
* * * LOW HITPOINT WARNING * * *
You block the ten-headed hydra's attack.
The ten-headed hydra bites you but does no damage.
The ten-headed hydra bites you.
* * * LOW HITPOINT WARNING * * *
The ten-headed hydra bites you!
* * * LOW HITPOINT WARNING * * *
The ten-headed hydra bites you!
You die...

..#. .S..
#..###
##.....##
#.#.....#
#.......##
#..D8.#..#
##..@..#.#
#........#
♣...##(....##
♣♣. #(.#.##
#....# #....#
##..### #..P#
##.###


You could see a ten-headed hydra and a water moccasin.

Vanquished Creatures
  A red draconian (Volcano)
  A hydra (Lair:2)
  An ogre mage (Volcano)
  4 two-headed ogres (Volcano)
  A skyshark (Lair:3)
  2 black mambas
  A cane toad (D:8)
  2 molten gargoyles (Volcano)
  Jeremiah (D:6)
  2 komodo dragons (D:8)
  4 blink frogs (Lair:1)
  Grinder (D:5)
  Sigmund (D:4)
  Eustachio (D:6)
  6 yaks (D:8)
  A basilisk (D:8)
  5 fire bats (Volcano)
  A steam dragon (D:8)
  6 water moccasins
  2 orc warriors (D:8)
  3 sky beasts
  An ice beast (D:8)
  3 black bears
  2 ogres
  9 wolves
  A centaur (D:7)
  2 phantoms (D:6)
  3 kobold brigands
  A gnoll sergeant (D:6)
  8 bullfrogs
  2 wyvern zombies (D:6)
  A wyvern skeleton (D:6)
  3 scorpions
  12 wights
  A water moccasin skeleton (D:6)
  4 killer bees
  A howler monkey (D:6)
  6 crimson imps (D:7)
  A bullfrog zombie (D:6)
  3 bombardier beetles
  4 lava snakes (Volcano)
  A quasit (D:8)
  An orc priest (D:6)
  A bullfrog skeleton (D:6)
  2 gnoll boudas
  7 jellies
  3 sleepcaps
  An iguana (D:6)
  8 orc wizards
  A howler monkey zombie (D:6)
  14 gnolls
  4 river rats (Sewer)
  9 adders
  A shadow imp (D:7)
  4 white imps
  3 ribbon worms
  2 dart slugs
  14 orcs
  17 ball pythons
  12 bats
  9 endoplasms
  7 giant cockroaches
  4 goblins
  9 hobgoblins
  9 jackals
  2 quokkas (D:1)
  4 frilled lizards
  A goblin zombie (D:8)
  2 hobgoblin zombies (D:8)
  16 kobolds
  An orc zombie (D:8)
  10 rats
294 creatures vanquished.

Notes
Turn   | Place    | Note
-------+----------+-------------------------------------------
     0 | D:1      | Doomgape the Troll Monk began the quest for the Orb.
     0 | D:1      | Reached XP level 1. HP: 22/22 MP: 0/0
   131 | D:1      | Found a faded altar of an unknown god.
   189 | D:1      | Reached XP level 2. HP: 29/29 MP: 1/1
   484 | D:1      | Reached XP level 3. HP: 22/36 MP: 2/2
   739 | D:2      | Reached XP level 4. HP: 45/45 MP: 3/3
   890 | D:2      | Got Esymeneck's Papyrus of Contamination and the Squall
  1277 | D:3      | Reached skill level 4 in Unarmed Combat
  1536 | D:3      | Identified the +0 dagger "Effihaf" {spect, rN+ rCorr Int-2}
  1775 | D:4      | Noticed a black bear
  1781 | D:4      | Killed a black bear
  1782 | D:4      | Reached XP level 5. HP: 51/54 MP: 4/4
  1993 | D:4      | Found a glowing silver altar of Zin.
  2012 | D:4      | Noticed a black bear
  2022 | D:4      | Killed a black bear
  2023 | D:4      | Reached skill level 5 in Unarmed Combat
  2023 | D:4      | Reached XP level 6. HP: 27/62 MP: 5/5
  2375 | D:4      | Found a hide-covered altar of Uskayaw.
  2378 | D:4      | Noticed a +0 hand axe
  2378 | D:4      | Noticed a +0 hand axe
  2529 | D:4      | Noticed Sigmund
  2536 | D:4      | Killed Sigmund
  2537 | D:4      | Reached skill level 5 in Fighting
  2537 | D:4      | Reached skill level 6 in Unarmed Combat
  2537 | D:4      | Reached XP level 7. HP: 72/72 MP: 6/6
  2830 | D:4      | Found an iron altar of Okawaru.
  2855 | D:5      | Entered Level 5 of the Dungeon
  2871 | D:5      | Found a glowing drain.
  2889 | D:5      | Noticed Grinder
  2902 | D:5      | Paralysed by Grinder for 5 turns
  2908 | D:5      | Killed Grinder
  2973 | Sewer    | Entered a sewer
  3253 | Sewer    | Reached skill level 7 in Unarmed Combat
  3253 | Sewer    | Reached XP level 8. HP: 83/83 MP: 7/7
  3269 | Sewer    | Found a viscous altar of Jiyva.
  4412 | D:6      | Reached skill level 8 in Unarmed Combat
  4507 | D:6      | Reached XP level 9. HP: 66/89 MP: 8/8
  4559 | D:6      | Noticed Jeremiah
  4661 | D:6      | Reached skill level 9 in Unarmed Combat
  4731 | D:6      | Found a staircase to the Ecumenical Temple.
  4737 | Temple   | Entered the Ecumenical Temple
  4932 | D:6      | Noticed Eustachio
  4946 | D:6      | Killed Eustachio
  5007 | D:6      | Killed Jeremiah
  5216 | D:4      | Became a worshipper of Warmaster Okawaru
  5216 | D:4      | Reached * piety under Okawaru
  5216 | D:4      | Reached ** piety under Okawaru
  5320 | D:6      | Found a blossoming altar of Fedhas.
  5606 | D:6      | Reached skill level 10 in Unarmed Combat
  5877 | D:7      | HP: 4/90 [white imp (2)]
  6006 | D:7      | Found a shimmering altar of Xom.
  6007 | D:7      | Found a shimmering altar of Xom.
  6007 | D:7      | Found a shimmering altar of Xom.
  6024 | D:7      | Reached XP level 10. HP: 90/105 MP: 9/9
  6027 | D:7      | Found a shimmering altar of Xom.
  6069 | D:7      | Found a runed translucent door.
  6070 | D:7      | Noticed riffraff's ghost (novice AtFi)
  6151 | D:7      | Reached skill level 1 in Invocations
  6402 | D:7      | Found a shimmering altar of Xom.
  6535 | D:8      | Found a transporter.
  6536 | D:8      | Found a transporter.
  6671 | D:7      | Reached *** piety under Okawaru
  6976 | D:8      | Found a sacrificial altar of Ru.
  6994 | D:8      | Reached skill level 5 in Invocations
  7012 | D:8      | Reached **** piety under Okawaru
  7214 | D:8      | Found a transporter.
  7248 | D:8      | Found a transporter.
  7263 | D:8      | Found a transporter.
  7332 | D:8      | Found a staircase to the Lair.
  7394 | D:8      | Found a glowing golden altar of the Shining One.
  7490 | D:8      | Found a transporter.
  7644 | Lair:1   | Entered Level 1 of the Lair of Beasts
  7644 | Lair:1   | Noticed a cane toad
  7656 | D:8      | Killed a cane toad
  7656 | D:8      | Reached ***** piety under Okawaru
  7698 | D:8      | Reached XP level 11. HP: 106/113 MP: 16/16
  7725 | Lair:1   | Reached skill level 1 in Armour
  7806 | Lair:1   | Found a dark tunnel.
  7815 | Volcano  | Entered a volcano
  7866 | Volcano  | Reached skill level 11 in Unarmed Combat
  7899 | Volcano  | Noticed a two-headed ogre
  7906 | Volcano  | Killed a two-headed ogre
  7906 | Volcano  | Received a gift from Okawaru
  7928 | Volcano  | Found a burning altar of Makhleb.
  7928 | Volcano  | Noticed a two-headed ogre
  7928 | Volcano  | Noticed an ogre mage
  7928 | Volcano  | Noticed a two-headed ogre
  7939 | Volcano  | Killed a two-headed ogre
  7945 | Volcano  | Killed a two-headed ogre
  7956 | Volcano  | Killed an ogre mage
  7978 | Volcano  | Noticed a two-headed ogre
  7987 | Volcano  | Killed a two-headed ogre
  8021 | Volcano  | Noticed a red draconian
  8043 | Volcano  | Killed a red draconian
  8043 | Volcano  | Received a gift from Okawaru
  8185 | Lair:2   | Noticed an eight-headed hydra
  8194 | Lair:2   | Killed a 12-headed hydra
  8213 | Lair:3   | Reached skill level 12 in Unarmed Combat
  8232 | Lair:3   | Reached XP level 12. HP: 108/122 MP: 18/18
  8354 | Lair:3   | Received a gift from Okawaru
  8355 | Lair:3   | Reached skill level 5 in Armour
  8355 | Lair:3   | Reached skill level 10 in Invocations
  8393 | Lair:3   | Noticed a six-headed hydra
  8402 | Lair:3   | HP: 3/122 [ten-headed hydra (8)]
  8402 | Lair:3   | Mangled by a ten-headed hydra

Illustrated notes

Levels and vault maps discovered:
D:1:      minmay_arrival_three_doors, layout_basic,
          hellmonk_ecumenical_altar_defaced_shrine, nicolae_grassy_gnolls
D:2:      layout_loops_cross
D:3:      layout_basic
D:4:      layout_loops_corners, mainiacjoe_overflow_alcove_2,
          dancing_weapons_uskayaw, zin_statuary, roderic_batcave, uniq_sigmund
D:5:      layout_basic, cheibrodos_sewer_entry_sluice, uniq_grinder
D:6:      layout_loops_ring, mainiacjoe_overflow_concentric_impassable,
          minmay_temple_entry_glassed_door, serial_undead, serial_undead_f,
          serial_undead_a, serial_undead_a, serial_undead_b, uniq_jeremiah,
          uniq_eustachio
D:7:      layout_cave_pools, xom_redecorated, gammafunk_ghost_grave,
          minmay_nine_imps
D:8:      layout_rooms, nicolae_tso_besieged_by_evil,
          nicolae_ru_sacrificial_ziggurat, grunt_lair_entry_orc_guard_hut,
          serial_nicolae_subway, nicolae_sub_station_crystal,
          nicolae_sub_station_stone, nicolae_sub_station_metal
Temple:   hellmonk_temple_forest_ring
Lair:1:   layout_big_grid, enter_volcano_1, ebering_ghost_inner_flame,
          infiniplex_staircase_pool
Lair:2:   layout_cave_pods, portal_ice_cave_entry_pillars_1, uniq_sonja
Lair:3:   layout_layer_cave, nicolae_swamp_entry_splash_gauntlet,
          nicolae_snake_entry_warm_welcome, grunt_megastairs_1, uniq_gastronok

Skill      XL: |  1  2  3  4  5  6  7  8  9 10 11 12 |
---------------+-------------------------------------+-----
Fighting       | 3 4 5 7 8 |  8.9
Dodging        | 3 |  3.0
Unarmed Combat | 4 5 6 7 8 10 12 | 12.1
Invocations    | 8 9 10 | 10.0
Armour         | 4 5 |  5.0

Action                     |  1- 3 |  4- 6 |  7- 9 | 10-12 || total
---------------------------+-------+-------+-------+-------++-------
  Melee: Unarmed           |    70 |    88 |   323 |   310 ||   791
  Throw: Throwing net      |       |       |     1 |     1 ||     2
 Invoke: Heroism           |       |       |       |     4 ||     4
  Evoke: Wand              |       |       |       |    11 ||    11
    Use: Scroll            |     2 |       |     6 |     5 ||    13
         Potion            |       |       |     1 |     9 ||    10
   Stab: Sleeping          |       |       |       |     1 ||     1
 Armour: Robe              |    49 |    55 |   211 |   305 ||   620
  Dodge: Dodged            |    36 |    44 |   192 |   154 ||   426
  Block: Kite shield       |       |       |       |    89 ||    89
